TOP OF THE 1ST |
Rio Grande Rattlesnake batting - Pitching for Mt Pleasant Bearcats : LHP Júlio Gracía
|
Pitching: LHP Júlio Gracía
|
|
Batting: RHB Luis Sánchez
|
0-0: Ball 1-0: Ground out 6-3 (Groundball, 6)
|
Batting: LHB R.J. Courtney
|
0-0: Ball 1-0: Swinging Strike 1-1: Swinging Strike 1-2: DOUBLE (Line Drive, 9LS)
|
Batting: RHB Paul Martin
|
0-0: Called Strike 0-1: Ball 1-1: Swinging Strike 1-2: Ball 2-2: Strikes out looking
|
Batting: LHB Barrett Waters
|
0-0: Ground out 4-3 (Groundball, 4S)
|
Top of the 1st over - 0 run(s), 1 hit(s), 0 error(s), 1 left on base; Rio Grande 0 - Mt Pleasant 0 |
BOTTOM OF THE 1ST |
Mt Pleasant Bearcats batting - Pitching for Rio Grande Rattlesnake : RHP Juan Gutiérrez
|
Pitching: RHP Juan Gutiérrez
|
|
Batting: RHB Carlos Luna
|
0-0: Ball 1-0: Swinging Strike 1-1: Foul Ball, location: 2F 1-2: Ball 2-2: SINGLE (Line Drive, 6D)
|
Batting: RHB Jesús Ramírez
|
0-0: Ball 1-0: Ball 2-0: Foul Ball, location: 2F 2-1: Foul Ball, location: 2F 2-2: Strikes out swinging
|
Batting: RHB Cristo García
|
0-0: Ball 1-0: Ball 2-0: Ball 3-0: Called Strike 3-1: Called Strike 3-2: Base on Balls Carlos Luna to second
|
Batting: RHB Armando Cuevas
|
0-0: Fly out, F9 (Flyball, 9M)
|
Batting: LHB Robert Moore
|
0-0: Called Strike 0-1: Called Strike 0-2: Strikes out swinging
|
Bottom of the 1st over - 0 run(s), 1 hit(s), 0 error(s), 2 left on base; Rio Grande 0 - Mt Pleasant 0 |
TOP OF THE 2ND |
Rio Grande Rattlesnake batting - Pitching for Mt Pleasant Bearcats : LHP Júlio Gracía
|
Batting: RHB Hollis Wood
|
0-0: Foul Ball, location: 2F 0-1: Ball 1-1: Called Strike 1-2: Ball 2-2: Ground out 6-3 (Groundball, 56D)
|
Batting: RHB Billy Mullins
|
0-0: Ball 1-0: Ball 2-0: Ball 3-0: Called Strike 3-1: Called Strike 3-2: Foul Ball, location: 2F 3-2: Strikes out swinging
|
Batting: RHB Liangde Que
|
0-0: Ball 1-0: Ball 2-0: Foul Ball, location: 2F 2-1: Fly out, F7 (Line Drive, 7M)
|
Top of the 2nd over - 0 run(s), 0 hit(s), 0 error(s), 0 left on base; Rio Grande 0 - Mt Pleasant 0 |
BOTTOM OF THE 2ND |
Mt Pleasant Bearcats batting - Pitching for Rio Grande Rattlesnake : RHP Juan Gutiérrez
|
Batting: RHB Jim Beck
|
0-0: SOLO HOME RUN (Flyball, 78XD), Distance : 400 ft
|
Batting: RHB Vic Langlois
|
0-0: Called Strike 0-1: Ball 1-1: Foul Ball, location: 2F 1-2: Strikes out swinging
|
Batting: RHB Roberto Martínez
|
0-0: Called Strike 0-1: Ball 1-1: Ball 2-1: Foul Ball, location: 2F 2-2: Foul Ball, location: 2F 2-2: Fly out, F8 (Flyball, 8LM)
|
Batting: RHB Ichizo Akiyama
|
0-0: Ball 1-0: Ball 2-0: Called Strike 2-1: Foul Ball, location: 2F 2-2: Strikes out swinging
|
Bottom of the 2nd over - 1 run(s), 1 hit(s), 0 error(s), 0 left on base; Rio Grande 0 - Mt Pleasant 1 |
TOP OF THE 3RD |
Rio Grande Rattlesnake batting - Pitching for Mt Pleasant Bearcats : LHP Júlio Gracía
|
Batting: RHB Juan López
|
0-0: Called Strike 0-1: Ball 1-1: Ground out 5-3 (Groundball, 56)
|
Batting: RHB Jeff Bane
|
0-0: Ball 1-0: Ball 2-0: Ball 3-0: Base on Balls
|
Batting: RHB Luis Sánchez
|
0-0: Ball 1-0: Ball Wild Pitch! Jeff Bane to second 2-0: Swinging Strike 2-1: Ball 3-1: Swinging Strike 3-2: Base on Balls
|
Batting: LHB R.J. Courtney
|
0-0: Called Strike 0-1: Called Strike 0-2: Strikes out looking
|
Batting: RHB Paul Martin
|
0-0: Ball 1-0: Called Strike 1-1: Swinging Strike Balk! Jeff Bane to third Luis Sánchez to second 1-2: Strikes out swinging
|
Top of the 3rd over - 0 run(s), 0 hit(s), 0 error(s), 2 left on base; Rio Grande 0 - Mt Pleasant 1 |
BOTTOM OF THE 3RD |
Mt Pleasant Bearcats batting - Pitching for Rio Grande Rattlesnake : RHP Juan Gutiérrez
|
Batting: RHB Carlos Luna
|
0-0: Ground out 5-3 (Groundball, 56)
|
Batting: RHB Jesús Ramírez
|
0-0: Ball 1-0: Ball 2-0: Called Strike 2-1: Swinging Strike 2-2: Strikes out looking
|
Batting: RHB Cristo García
|
0-0: Ground out 5-3 (Groundball, 5)
|
Bottom of the 3rd over - 0 run(s), 0 hit(s), 0 error(s), 0 left on base; Rio Grande 0 - Mt Pleasant 1 |
TOP OF THE 4TH |
Rio Grande Rattlesnake batting - Pitching for Mt Pleasant Bearcats : LHP Júlio Gracía
|
Batting: LHB Barrett Waters
|
0-0: Called Strike 0-1: Ball 1-1: Foul Ball, location: 2F 1-2: Strikes out swinging
|
Batting: RHB Hollis Wood
|
0-0: Fly out, F9 (Flyball, 89S)
|
Batting: RHB Billy Mullins
|
0-0: Ball 1-0: Called Strike 1-1: DOUBLE (Groundball, 5L)
|
Batting: RHB Liangde Que
|
0-0: Ground out 5-3 (Groundball, 5L)
|
Top of the 4th over - 0 run(s), 1 hit(s), 0 error(s), 1 left on base; Rio Grande 0 - Mt Pleasant 1 |
BOTTOM OF THE 4TH |
Mt Pleasant Bearcats batting - Pitching for Rio Grande Rattlesnake : RHP Juan Gutiérrez
|
Batting: RHB Armando Cuevas
|
0-0: DOUBLE (Line Drive, 8RM)
|
Batting: LHB Robert Moore
|
0-0: Called Strike 0-1: Swinging Strike 0-2: Strikes out swinging
|
Batting: RHB Jim Beck
|
0-0: Ball 1-0: Ball 2-0: Ball 3-0: Base on Balls
|
Batting: RHB Vic Langlois
|
0-0: Fielders Choice at 2nd, 5-4 (Groundball, 56) Armando Cuevas to third
|
Batting: RHB Roberto Martínez
|
0-0: Ball 1-0: Foul Ball, location: 2F 1-1: SINGLE (Groundball, 56) (infield hit) Armando Cuevas scores Vic Langlois to second
|
Batting: RHB Ichizo Akiyama
|
0-0: Ground out 5-3 (Groundball, 5L)
|
Bottom of the 4th over - 1 run(s), 2 hit(s), 0 error(s), 2 left on base; Rio Grande 0 - Mt Pleasant 2 |
TOP OF THE 5TH |
Rio Grande Rattlesnake batting - Pitching for Mt Pleasant Bearcats : LHP Júlio Gracía
|
Batting: RHB Juan López
|
0-0: Foul Ball, location: 2F 0-1: Ball 1-1: Fly out, F8 (Line Drive, 8LD)
|
Batting: RHB Jeff Bane
|
0-0: Ball 1-0: Ground out 6-3 (Groundball, 6)
|
Batting: RHB Luis Sánchez
|
0-0: Called Strike 0-1: Ball 1-1: Ball 2-1: Foul Ball, location: 2F 2-2: Ground out 6-3 (Groundball, 6)
|
Top of the 5th over - 0 run(s), 0 hit(s), 0 error(s), 0 left on base; Rio Grande 0 - Mt Pleasant 2 |
BOTTOM OF THE 5TH |
Mt Pleasant Bearcats batting - Pitching for Rio Grande Rattlesnake : RHP Juan Gutiérrez
|
Batting: RHB Carlos Luna
|
0-0: Ball 1-0: Foul Ball, location: 2F 1-1: SINGLE (Flyball, 8LS)
|
Batting: RHB Jesús Ramírez
|
0-0: Swinging Strike 0-1: Ball 1-1: Ball 2-1: Called Strike 2-2: Ball 3-2: Foul Ball, location: 2F 3-2: Strikes out swinging Carlos Luna steals 2nd base Batter strikes out.
|
Batting: RHB Cristo García
|
0-0: Ball 1-0: Called Strike 1-1: Ground out 6-3 (Groundball, 6)
|
Batting: RHB Armando Cuevas
|
0-0: Ball 1-0: Fly out, F7 (Flyball, 7D)
|
Bottom of the 5th over - 0 run(s), 1 hit(s), 0 error(s), 1 left on base; Rio Grande 0 - Mt Pleasant 2 |
TOP OF THE 6TH |
Rio Grande Rattlesnake batting - Pitching for Mt Pleasant Bearcats : LHP Júlio Gracía
|
Batting: LHB R.J. Courtney
|
0-0: SINGLE (Flyball, 8RS)
|
Batting: RHB Paul Martin
|
0-0: Swinging Strike 0-1: Ball 1-1: Fly out, F3 (Popup, 3SF)
|
Batting: LHB Barrett Waters
|
0-0: Ball 1-0: Ball 2-0: Swinging Strike 2-1: Ball Wild Pitch! R.J. Courtney to second 3-1: Foul Ball, location: 2F 3-2: Foul Ball, location: 2F 3-2: Strikes out looking
|
Batting: RHB Hollis Wood
|
0-0: Called Strike 0-1: Hit by Pitch
|
Batting: RHB Billy Mullins
|
0-0: Ground out 4-3 (Groundball, 4)
|
Top of the 6th over - 0 run(s), 1 hit(s), 0 error(s), 2 left on base; Rio Grande 0 - Mt Pleasant 2 |
BOTTOM OF THE 6TH |
Mt Pleasant Bearcats batting - Pitching for Rio Grande Rattlesnake : RHP Juan Gutiérrez
|
Batting: LHB Robert Moore
|
0-0: Ball 1-0: Ball 2-0: Ball 3-0: Called Strike 3-1: Foul Ball, location: 2F 3-2: Ground out 4-3 (Groundball, 4)
|
Batting: RHB Jim Beck
|
0-0: Ground out 5-3 (Groundball, 15S)
|
Batting: RHB Vic Langlois
|
0-0: Ball 1-0: Swinging Strike 1-1: Foul Ball, location: 2F 1-2: Strikes out swinging
|
Bottom of the 6th over - 0 run(s), 0 hit(s), 0 error(s), 0 left on base; Rio Grande 0 - Mt Pleasant 2 |
TOP OF THE 7TH |
Rio Grande Rattlesnake batting - Pitching for Mt Pleasant Bearcats : LHP Júlio Gracía
|
Batting: RHB Liangde Que
|
0-0: Ball 1-0: Ball 2-0: Ball 3-0: Swinging Strike 3-1: Foul Ball, location: 2F 3-2: Foul Ball, location: 2F 3-2: Strikes out swinging
|
Pitching: LHP Jeff Hardin
|
|
Batting: RHB Juan López
|
0-0: Swinging Strike 0-1: Ball 1-1: Fly out, F9 (Flyball, 9M)
|
Batting: RHB Jeff Bane
|
0-0: Called Strike 0-1: Swinging Strike 0-2: Ball 1-2: Foul Ball, location: 2F 1-2: Strikes out swinging
|
Top of the 7th over - 0 run(s), 0 hit(s), 0 error(s), 0 left on base; Rio Grande 0 - Mt Pleasant 2 |
BOTTOM OF THE 7TH |
Mt Pleasant Bearcats batting - Pitching for Rio Grande Rattlesnake : RHP Juan Gutiérrez
|
Batting: RHB Roberto Martínez
|
0-0: Foul Ball, location: 2F 0-1: Ball 1-1: Fly out, F7 (Flyball, 7LM)
|
Batting: RHB Ichizo Akiyama
|
0-0: Ball 1-0: Ball 2-0: Ball 3-0: Base on Balls
|
Pitching: RHP Adrián Mora
|
|
Batting: RHB Carlos Luna
|
0-0: Called Strike 0-1: Ball 1-1: SINGLE (Groundball, 56D) Ichizo Akiyama to second
|
Pinch Hitting: LHB Colm Massey
|
0-0: Ball 1-0: Ball 2-0: Ball 3-0: Called Strike 3-1: DOUBLE (Line Drive, 89D) Ichizo Akiyama scores Carlos Luna to third Runner from 3rd tries for Home, SAFE, no throw or cutoff
|
Batting: RHB Cristo García
|
0-0: Called Strike 0-1: Called Strike 0-2: Fly out, F2 (Popup, 2R)
|
Batting: RHB Armando Cuevas
|
0-0: Ball 1-0: Foul Ball, location: 2F 1-1: Ground out 6-3 (Groundball, 6)
|
Bottom of the 7th over - 2 run(s), 2 hit(s), 0 error(s), 1 left on base; Rio Grande 0 - Mt Pleasant 4 |
TOP OF THE 8TH |
Rio Grande Rattlesnake batting - Pitching for Mt Pleasant Bearcats : LHP Jeff Hardin
|
Now at SS: Colm Massey
|
|
Batting: RHB Luis Sánchez
|
0-0: Ball 1-0: Ball 2-0: Called Strike 2-1: Ground out 5-3 (Groundball, 56S)
|
Batting: LHB R.J. Courtney
|
0-0: Called Strike 0-1: Foul Ball, location: 2F 0-2: Ball 1-2: Foul Ball, location: 2F 1-2: Ball 2-2: Ball 3-2: Foul Ball, location: 2F 3-2: Foul Ball, location: 2F 3-2: Foul Ball, location: 2F 3-2: Base on Balls
|
Batting: RHB Paul Martin
|
0-0: Ball 1-0: Called Strike 1-1: Ball 2-1: Grounds into double play, 6-4-3 (Groundball, 6)
|
Top of the 8th over - 0 run(s), 0 hit(s), 0 error(s), 0 left on base; Rio Grande 0 - Mt Pleasant 4 |
BOTTOM OF THE 8TH |
Mt Pleasant Bearcats batting - Pitching for Rio Grande Rattlesnake : RHP Adrián Mora
|
Batting: LHB Robert Moore
|
0-0: Ground out 4-3 (Groundball, 4)
|
Batting: RHB Jim Beck
|
0-0: Called Strike 0-1: Ground out 5-3 (Groundball, 56)
|
Batting: RHB Vic Langlois
|
0-0: Ball 1-0: Swinging Strike 1-1: Foul Ball, location: 2F 1-2: Foul Ball, location: 2F 1-2: Strikes out swinging
|
Bottom of the 8th over - 0 run(s), 0 hit(s), 0 error(s), 0 left on base; Rio Grande 0 - Mt Pleasant 4 |
TOP OF THE 9TH |
Rio Grande Rattlesnake batting - Pitching for Mt Pleasant Bearcats : LHP Jeff Hardin
|
Batting: LHB Barrett Waters
|
0-0: Ball 1-0: Called Strike 1-1: Ground out 4-3 (Groundball, 4)
|
Batting: RHB Hollis Wood
|
0-0: Foul Ball, location: 2F 0-1: Ball 1-1: Called Strike 1-2: SINGLE (Line Drive, 78M)
|
Batting: RHB Billy Mullins
|
0-0: Called Strike 0-1: Foul Ball, location: 2F 0-2: Ball 1-2: Fly out, F7 (Flyball, 7M)
|
Batting: RHB Liangde Que
|
0-0: Called Strike 0-1: Ball 1-1: Foul Ball, location: 2F 1-2: Ball 2-2: Ball 3-2: Strikes out swinging
|
Top of the 9th over - 0 run(s), 1 hit(s), 0 error(s), 1 left on base; Rio Grande 0 - Mt Pleasant 4 |
|